 Dungeon Crawl Stone Soup version 0.21-a0-529-g8c7b3f5 (webtiles) character file.

7089 Lasiace the Carver (level 11, -10/92 HPs)
             Began as a Formicid Fighter on Dec 10, 2017.
             Was an Initiate of Gozag.
             Splashed by an orc knight's acid (16 damage)
             ... on level 7 of the Dungeon.
             The game lasted 00:41:25 (11280 turns).

Lasiace the Carver (Formicid Fighter)              Turns: 11280, Time: 00:41:26

Health: -10/92     AC:  5    Str: 22    XL:     11   Next: 30%
Magic:  6/9        EV: 11    Int:  9    God:    Gozag
Gold:   720        SH: 10    Dex: 13    Spells: 10/10 levels left

rFire    . . .     SeeInvis +   b - +0 shortbow
rCold    . . .     Gourm    .   D - +0 shield
rNeg     . . .     Faith    .   x - +2 ring mail {MR+}
rPois    +         Spirit   .   (helmet unavailable)
rElec    .         Reflect  .   B - scarf {repulsion}
rCorr    .         Harm     .   (no gloves)
MR       +++..     Clarity  +   d - +0 pair of boots (curse)
Stlth    +++.......             (no amulet)
HPRegen  0.25/turn              O - ring of stealth
MPRegen  0.11/turn              U - ring of poison resistance

@: corroded, repel missiles
A: permanent stasis, dig shafts and tunnels, four strong arms, antennae 3,
camouflage 1, clarity, clever 1, low mp 1, magic resistance 1
a: Dig, Shaft Self, Potion Petition, Call Merchant, Bribe Branch, Renounce
Religion


You were on level 7 of the Dungeon.
You worshipped Gozag.
Gozag was pleased with you.
You were hungry.

You visited 1 branch of the dungeon, and saw 8 of its levels.

You collected 1086 gold pieces.
You spent 253 gold pieces at shops.
You paid 113 gold pieces to Gozag.

Inventory:

Hand Weapons
 a - the +4 falchion of the Elven Halls {antimagic, Str+2 Dex+3 SInv}
   (You found it on level 6 of the Dungeon)

   It reduces the magical energy of the wielder, and disrupts the spells and
   magical abilities of those hit.
   Natural abilities and divine invocations are not affected.
   It affects your strength (+2).
   It affects your dexterity (+3).
   It lets you see invisible.
 b - a +0 shortbow (weapon)
Missiles
 i - 11 tomahawks {@Q8}
 k - 69 arrows (quivered) {@Q2}
 q - 39 bolts {@Q1}
Armour
 d - a cursed +0 pair of boots (worn)
 x - a +2 ring mail of magic resistance (worn)
 B - a scarf of repulsion (worn)
 D - a +0 shield (worn)
Jewellery
 O - a ring of stealth (left hand)
 U - a ring of poison resistance (right hand)
Wands
 m - a wand of flame (27)
 A - a wand of digging (16)
Scrolls
 g - a scroll of torment {unknown}
 u - 2 scrolls of remove curse
 v - 3 scrolls of fear
Potions
 e - a potion of magic {unknown}
 h - a potion of resistance
 j - a potion of heal wounds {@q1}
 l - 2 potions of lignification {!q}
 n - 3 potions of flight
 p - a potion of might
 r - 2 potions of brilliance
 t - 2 potions of curing {@q2}
 w - a potion of degeneration
 y - a potion of agility
 z - a potion of mutation {!q}
Comestibles
 c - 2 meat rations
 f - 2 bread rations
 o - 10 royal jellies
 s - 9 fruits


   Skills:
 + Level 10.7 Fighting
 - Level 12.0 Long Blades
 - Level 6.0 Armour
 - Level 4.0 Dodging
 - Level 4.0 Shields


You had 10 spell levels left.
You didn't know any spells.

Dungeon Overview and Level Annotations

Branches:
Dungeon (8/15)             Temple (0/1) D:4
   Lair: D:8-11

Altars:
Elyvilon
Fedhas
Gozag
Hepliaklqana
Makhleb
Nemelex Xobeh
Ru
Sif Muna
Xom
Yredelemnul
Zin

Shops:
D:4 !   D:5 *:([

Annotations:
D:3 Raine357's ghost, amateur SpEE


Innate Abilities, Weirdness & Mutations

You cannot be hasted, slowed, berserked, paralysed or teleported.
You can dig through walls and to a lower floor.
Your four strong arms can wield two-handed weapons with a shield.
You have a pair of large antennae on your head. (SInv)
Your skin changes colour to match your surroundings (Stealth+).
You possess an exceptional clarity of mind.
Your mind is acute. (Int +2)
Your magical capacity is low. (-10% MP)
You are resistant to hostile enchantments. (MR+)


Message History

The orc knight is no longer distracted by gold.
The orc knight zaps a wand.
The bolt of acid hits you! The acid corrodes you!
You are splashed with acid!
The acid burns!
Firing (i - inventory. (,) - cycle):
k - 70 arrows (quivered)
{@Q2}
Press: ? - help, Shift-Dir - straight line, f/p - orc knight
Aim: an orc knight, wielding an enchanted great sword, wearing a plate armour and carrying a wand of acid (2)
You shoot an arrow {@Q2}.
The arrow {@Q2} completely misses the orc knight.
The orc knight zaps a wand.
The bolt of acid hits you!
You are splashed with acid!
The acid burns!
* * * LOW HITPOINT WARNING * * *
An orc comes into view. It is wielding a dagger.
You now have 720 gold pieces (gained 15).
Things that are here:
a plate armour; a glaive The orc knight zaps a wand.
The bolt of acid hits you!
* * * LOW HITPOINT WARNING * * *
You are splashed with acid!
The acid burns!
You die...
Your body crumbles into a pile of gold.

....####(#..#.# .#
#.###### ###.# ..#.# .#
#.##.... # #.# #(#.###.#
#.##.### # #.# #$#.##..#
#>##.# # # #.# #.(.##..
#.##.### # #.## ##$.##.#
#.##.... # #.... #.o##.#
#.##..## #.....
#$.($.#########.....# #.#
#..###.##o@.[..<.....###.#
#.(.....[..#########.# #.#
.# #..........# #.###.##
.# ######.##.## ##......
###.# #.##.# ##.####
....##### #.##.# #.# .....
... ..##.# ######.#### ...
#.# ####.# #.......... #.#
#.# #.# #.####.####


You could see an orc knight and an orc.

Vanquished Creatures
  The ghost of enarc13 the Digger, a novice TrEE of Cheibriados (D:6)
  An orc knight (D:7)
  2 hornets (D:8)
  A hippogriff (D:4)
  A wyvern (D:8)
  A hungry ghost (D:7)
  Menkaure (D:4)
  13 wargs (D:7)
  Edmund (D:6)
  A soldier ant (D:8)
  Duvessa (D:6)
  4 orc warriors
  2 ice beasts
  2 sky beasts
  3 phantoms
  7 ogres
  An eye of draining (D:8)
  2 centaurs
  Blork the orc (D:6)
  2 bullfrogs
  Dowan (D:6)
  3 scorpions
  4 crimson imps
  A bullfrog zombie (D:6)
  A hound (D:5)
  A centaur zombie (D:7)
  2 orc priests (D:7)
  A centaur skeleton (D:8)
  An iguana (D:8)
  7 orc wizards
  7 worker ants
  2 hound skeletons
  8 adders
  3 gnolls (D:3)
  2 howler monkey skeletons
  3 shadow imps
  5 oozes
  An adder zombie (D:8)
  2 worms
  4 dart slugs
  6 leopard geckos
  40 orcs
  A ball python (D:3)
  8 giant cockroaches
  5 goblins
  7 hobgoblins
  3 jackals (D:1)
  4 quokkas
  A ball python skeleton (D:4)
  8 bats
  6 frilled lizards
  7 kobolds
  A quokka skeleton (D:4)
  A quokka zombie (D:5)
  7 rats
  A plant (D:7)
213 creatures vanquished.

Vanquished Creatures (others)
  3 plants (D:7)
3 creatures vanquished.

Grand Total: 216 creatures vanquished

Notes
Turn   | Place    | Note
-------+----------+-------------------------------------------
     0 | D:1      | Lasiace the Formicid Fighter began the quest for the Orb.
     0 | D:1      | Reached XP level 1. HP: 18/18 MP: 1/1
   129 | D:1      | Reached XP level 2. HP: 24/24 MP: 2/2
   383 | D:1      | Reached XP level 3. HP: 24/29 MP: 3/3
   963 | D:2      | Reached skill level 3 in Long Blades
   983 | D:2      | Reached XP level 4. HP: 37/37 MP: 4/4
  1695 | D:3      | Reached XP level 5. HP: 28/42 MP: 5/5
  1871 | D:3      | Found a white marble altar of Elyvilon.
  2271 | D:3      | Reached skill level 4 in Long Blades
  2384 | D:3      | Noticed Raine357's ghost (amateur SpEE)
  2806 | D:4      | Noticed an ogre
  3138 | D:3      | Reached XP level 6. HP: 29/49 MP: 6/6
  3355 | D:4      | Killed an ogre
  3355 | D:4      | Reached skill level 5 in Long Blades
  3785 | D:4      | Reached skill level 5 in Fighting
  3791 | D:4      | Reached XP level 7. HP: 20/56 MP: 7/7
  4083 | D:4      | Noticed Menkaure
  4104 | D:4      | Killed Menkaure
  4364 | D:4      | Found Filopiybb's Distillery.
  4365 | D:4      | Noticed a hippogriff
  4383 | D:4      | Killed a hippogriff
  4383 | D:4      | Reached skill level 6 in Long Blades
  4510 | D:4      | Bought a potion of curing for 33 gold pieces
  4510 | D:4      | Bought a potion of heal wounds for 55 gold pieces
  4561 | D:4      | Reached XP level 8. HP: 59/64 MP: 8/8
  4673 | D:4      | Found a staircase to the Ecumenical Temple.
  4778 | D:5      | Entered Level 5 of the Dungeon
  4793 | D:5      | Reached skill level 7 in Long Blades
  5219 | D:5      | Found a blossoming altar of Fedhas.
  5362 | D:5      | Found Iby Fokk's Assorted Antiques.
  5426 | D:5      | Found Faranoi's Armour Shop.
  5439 | D:5      | Found a glowing silver altar of Zin.
  5607 | D:5      | Found Bedirghong's Antique Weapon Boutique.
  5626 | D:5      | Found Lyname's Book Shop.
  5663 | D:5      | Found a sparkling altar of Nemelex Xobeh.
  5663 | D:5      | Found a shimmering altar of Xom.
  5669 | D:5      | Reached skill level 8 in Long Blades
  5887 | D:6      | Reached skill level 1 in Dodging
  5892 | D:6      | Gained mutation: Your mind is acute. (Int +2) [mutagenic meat]
  5893 | D:6      | Gained mutation: Your skin changes colour to match your surroundings (Stealth+). [mutagenic meat]
  5894 | D:6      | Gained mutation: Your magical capacity is low. (-10% MP) [mutagenic meat]
  5895 | D:6      | Gained mutation: You are resistant to hostile enchantments. (MR+) [mutagenic meat]
  5896 | D:6      | Gained mutation: You possess an exceptional clarity of mind. [mutagenic meat]
  6060 | D:6      | Reached skill level 5 in Armour
  6060 | D:6      | Reached XP level 9. HP: 69/69 MP: 8/8
  6145 | D:6      | Found a basalt altar of Yredelemnul.
  6237 | D:6      | Noticed Edmund
  6257 | D:6      | Killed Edmund
  6258 | D:6      | Found a deep blue altar of Sif Muna.
  6498 | D:6      | Noticed enarc13's ghost (novice TrEE)
  6524 | D:6      | Killed enarc13's ghost
  6524 | D:6      | Reached skill level 9 in Long Blades
  6965 | D:6      | Noticed Duvessa
  6965 | D:6      | Noticed Dowan
  6980 | D:6      | Killed Duvessa
  6987 | D:6      | Killed Dowan
  6987 | D:6      | Reached XP level 10. HP: 57/79 MP: 9/9
  7143 | D:6      | Found an opulent altar of Gozag.
  7168 | D:6      | Became a worshipper of Gozag Ym Sagoz the Greedy
  7227 | D:6      | Noticed Blork the orc
  7241 | D:6      | Killed Blork the orc
  7255 | D:6      | Got a bloodstained falchion
  7264 | D:6      | Identified the +4 falchion of the Elven Halls {antimagic, Str+2 Dex+3 SInv} (You found it on level 6 of the Dungeon)
  7468 | D:6      | Found a burning altar of Makhleb.
  7575 | D:4      | Bought a potion of agility for 44 gold pieces
  7575 | D:4      | Bought a potion of degeneration for 11 gold pieces
  7575 | D:4      | Bought a potion of mutation for 88 gold pieces
  7604 | D:5      | Bought a cursed +0 pair of boots for 22 gold pieces
  7686 | D:7      | Reached skill level 10 in Long Blades
  8157 | D:7      | Noticed an orc knight
  8182 | D:7      | HP: 4/80 [orc knight/war axe (18)]
  8187 | D:7      | Reached skill level 11 in Long Blades
  8196 | D:7      | Killed an orc knight
  8224 | D:7      | HP: 2/80 [orc warrior/glaive (18)]
  8567 | D:7      | Noticed an orc knight
  9097 | D:7      | HP: 3/120 [orc warrior/mace (8)]
  9592 | D:7      | Reached skill level 12 in Long Blades
  9717 | D:7      | Reached XP level 11. HP: 59/87 MP: 3/9
  9921 | D:7      | You fall through a shaft!
 10156 | D:8      | Found a hazy altar of Hepliaklqana.
 10507 | D:8      | Reached skill level 10 in Fighting
 10789 | D:8      | Found a sacrificial altar of Ru.
 11280 | D:7      | Splashed by an orc knight's acid

Vault maps used:
D:1:      onia_arrival_mini_spirals, st_stairs_6
D:3:      elyvilon_altar_1
D:4:      minmay_temple_entry_from_below_a, first_bread, serial_shops,
          nicolae_shop_statue_plus, amethyst_killhole, uniq_menkaure
D:5:      fedhas_altar_3, grunt_temple_overflow_open, serial_shops,
          kennysheep_little_box, nicolae_shop_behind_doors,
          kennysheep_mini_moat, shop
D:6:      lemuel_crystal_altar, lemuel_round_altar,
          nicolae_gozag_cash_rules_everything_around_me, marbit_many_paths,
          uniq_blork_the_orc, uniq_duvessa, uniq_edmund
D:7:      lemuel_castle_with_subvaults
D:8:      lemuel_doored_altar, hangedman_pestilent_swarm,
          kennysheep_cluttered_room, kennysheep_diamond

Skill      XL: |  1  2  3  4  5  6  7  8  9 10 11 |
---------------+----------------------------------+-----
Shields        | 4 |  4.0
Long Blades    | 3 4 5 6 8 9 12 | 12.0
Fighting       | 4 5 6 7 8 10 | 10.7
Armour         | 4 5 6 |  6.0
Dodging        | 3 4 |  4.0

Action                   |  1- 3 |  4- 6 |  7- 9 | 10-12 || total
-------------------------+-------+-------+-------+-------++-------
Melee: Long sword        |   114 |   175 |   206 |    18 ||   513
       Falchion          |       |   140 |       |   297 ||   437
 Fire: Hunting sling     |       |    10 |    78 |     7 ||    95
       Shortbow          |       |       |       |   150 ||   150
Throw: Stone             |    19 |    23 |     3 |       ||    45
       Tomahawk          |       |     5 |    27 |    34 ||    66
Invok: Potion Petition   |       |       |       |     1 ||     1
 Abil: Dig               |       |       |     1 |     1 ||     2
       Shaft Self        |       |       |       |     1 ||     1
  Use: Scroll            |       |     5 |     3 |     1 ||     9
       Potion            |       |       |     3 |     2 ||     5
 Stab: Invisible         |       |       |       |     5 ||     5
       Sleeping          |       |       |       |     1 ||     1
  Eat: Chunk             |     1 |     8 |    12 |     1 ||    22
       Bread ration      |       |       |     1 |     1 ||     2
       Meat ration       |       |       |       |     2 ||     2
Armor: Scale mail        |    61 |   126 |    33 |       ||   220
       Skin              |       |       |    43 |    15 ||    58
       Ring mail         |       |       |       |    50 ||    50
Dodge: Dodged            |    42 |    90 |    51 |    97 ||   280
       Deflected         |       |       |       |     1 ||     1
Block: Shield            |    54 |   179 |    76 |   114 ||   423
       Rpst.: Long sword |     8 |    20 |    15 |     2 ||    45
       Falchion          |       |     8 |       |    23 ||    31

Table legend:
 A = Spawn XP
 B = Non-spawn XP
 C = Spawn XP percentage of total XP
 D = Spawn monster count
 E = Non-spawn monster count
 F = Spawn count percentage of total count
 G = Total turns spent on level
                    A         B        C        D         E        F      G
               +---------+---------+-------+---------+---------+-------+---------
         Total |       0 |   10128 |   0.0 |       0 |     212 |   0.0 | 11280
               +---------+---------+-------+---------+---------+-------+---------
           D:1 |       0 |      59 |   0.0 |       0 |      27 |   0.0 |   875
           D:2 |       0 |      61 |   0.0 |       0 |      18 |   0.0 |   732
           D:3 |       0 |     142 |   0.0 |       0 |      32 |   0.0 |  1707
           D:4 |       0 |     763 |   0.0 |       0 |      17 |   0.0 |  1730
           D:5 |       0 |     510 |   0.0 |       0 |      16 |   0.0 |   956
           D:6 |       0 |    2755 |   0.0 |       0 |      27 |   0.0 |  2748
           D:7 |       0 |    4065 |   0.0 |       0 |      46 |   0.0 |  1254
           D:8 |       0 |    1773 |   0.0 |       0 |      29 |   0.0 |  1278
               +---------+---------+-------+---------+---------+-------+---------
